 Dungeon Crawl Stone Soup version 0.24.0-41-g2ae2f7f1be (webtiles) character file.

Game seed: 10060922826347622741, levelgen mode: deterministic

49 DildoBatman the Magician (level 4, 0/30 HPs)
             Began as a Formicid Wizard on Dec 13, 2019.
             Slain by a jackal (1 damage)
             ... on level 1 of the Dungeon.
             The game lasted 00:02:16 (955 turns).

DildoBatman the Magician (Formicid Wizard)           Turns: 955, Time: 00:02:17

Health: 0/30       AC:  3    Str: 12    XL:     4   Next: 1%
Magic:  8/8        EV: 12    Int: 18    God:
Gold:   23         SH:  0    Dex:  9    Spells: 2/9 levels left

rFire    . . .     SeeInvis +   c - +0 short sword
rCold    . . .     Gourm    .   (no shield)
rNeg     . . .     Faith    .   a - +0 robe
rPois    .         Spirit   .   (helmet unavailable)
rElec    .         Reflect  .   l - +0 cloak
rCorr    .         Harm     .   (no gloves)
MR       .....                  (no boots)
Stlth    ++........             (no amulet)
HPRegen  0.10/turn              (no ring)
MPRegen  0.11/turn              (no ring)

@: no status effects
A: permanent stasis, dig shafts and tunnels, four strong arms, antennae 3
a: Dig, Shaft Self


You were on level 1 of the Dungeon.
You were not hungry.

You visited 1 branch of the dungeon, and saw 1 of its levels.

You collected 23 gold pieces.

Inventory:

Hand Weapons
 c - a +0 short sword (weapon)
Missiles
 f - 20 stones (quivered)
Armour
 a - a +0 robe (worn)
 l - a +0 cloak (worn)
Scrolls
 b - 3 scrolls of teleportation {unknown}
 e - a scroll of amnesia {unknown}
 g - a scroll of enchant weapon {unknown}
 h - a scroll of identify {unknown}
 j - a scroll of fog {unknown}
 k - a scroll of enchant armour {unknown}
 m - a scroll of magic mapping {unknown}
Potions
 i - a potion of flight {unknown}
Comestibles
 v - 2 rations


   Skills:
 - Level 1.7 Dodging
 - Level 2.4 Stealth
 - Level 3.2 Spellcasting
 * Level 3.2 Conjurations
   Level 1.0 Summonings
   Level 0.8 Translocations


You had 2 spell levels left.
You knew the following spells:

 Your Spells              Type           Power        Failure   Level  Hunger
a - Conjure Flame         Conj/Fire      #.......     24%         3    ###....
c - Magic Dart            Conj           ##..         4%          1    None
e - Mephitic Cloud        Conj/Pois/Air  #.......     30%         3    ###....

Your spell library contained the following spells:

 Spells                   Type           Power        Failure   Level  Hunger
 Call Imp                 Summ           #.......     16%         2    ##.....
 Slow                     Hex            #.......     24%         2    ##.....
 Blink                    Tloc           Unusable     N/A         2    N/A

Dungeon Overview and Level Annotations

Branches:
Dungeon (1/15)

Altars:


Innate Abilities, Weirdness & Mutations

You cannot be hasted, slowed, berserked, paralysed or teleported.
You can dig through walls and to a lower floor.
Your four strong arms can wield two-handed weapons with a shield.
You have a pair of large antennae on your head. (SInv)


Message History

What are your orders? t - Shout!
Orders for allies: a - Attack new target. r - Retreat! s - Stop attacking. g - Guard the area. f - Follow me.
Anything else - Cancel.
You shout for attention!
The jackal barely misses you. x3
The jackal closely misses you. What are your orders? t - Shout!
Orders for allies: a - Attack new target. r - Retreat! s - Stop attacking. g - Guard the area. f - Follow me.
Anything else - Cancel.
You shout for attention!
The jackal closely misses you. The jackal barely misses you.
The jackal bites you.
You die...

.###.########.#####
######.##.'.† ##
#..............# #.######
###..####...##.# #.#
#....)..#..#.# #.#
#..####....#.# #.# #..#
#...#.#.####### #..#
#.###.........# .# #..# #.
###.#####)# .# #..#
#.####@h.####.##.#
#..........hh...##.#..#
#......#########.#.#.# # #..#
#....#..## #.##..#
#######.###....###.# #....#
#..................#
#.##..#####.#####.####...####
#.##........# #.# ##)##
#.###.####### #.# #.#


You could see 3 jackals.

Vanquished Creatures
  2 gnolls (D:1)
  2 dart slugs (D:1)
  A ball python (D:1)
  2 giant cockroaches (D:1)
  4 goblins (D:1)
  2 hobgoblins (D:1)
  A jackal (D:1)
  4 kobolds (D:1)
  3 bats (D:1)
  2 frilled lizards (D:1)
  3 rats (D:1)
26 creatures vanquished.

Notes
Turn   | Place    | Note
-------+----------+-------------------------------------------
     0 | D:1      | DildoBatman the Formicid Wizard began the quest for the
                  | Orb.
     0 | D:1      | Reached XP level 1. HP: 13/13 MP: 4/4
    24 | D:1      | Reached skill level 1 in Conjurations
   265 | D:1      | Reached XP level 2. HP: 18/19 MP: 0/6
   566 | D:1      | Reached XP level 3. HP: 23/24 MP: 4/7
   574 | D:1      | Learned a level 3 spell: Conjure Flame
   578 | D:1      | Learned a level 3 spell: Mephitic Cloud
   898 | D:1      | Reached XP level 4. HP: 27/30 MP: 3/8
   952 | D:1      | HP: 1/30 [jackal (1)]
   955 | D:1      | Slain by a jackal

Levels and vault maps discovered:
D:1:      tarquinn_simple_flora_water_d, layout_loops_ring

Skill      XL: |  1  2  3 |
---------------+----------+-----
Conjurations   | 1 2 3 |  3.2
Dodging        | |  1.7
Stealth        | |  2.4
Spellcasting   | |  3.2
Summonings     | |  1.0
Translocations | |  0.8

Action                   |  1- 3 |  4- 6 || total
-------------------------+-------+-------++-------
Melee: Short sword       |    34 |       ||    34
 Cast: Magic Dart        |    59 |       ||    59
 Abil: Dig               |       |     4 ||     4
Armor: Robe              |    15 |    25 ||    40
Dodge: Dodged            |    27 |    67 ||    94
